 Dungeon Crawl Stone Soup version 0.13-a0-2156-ga9a2eb8 (webtiles) character file.

3858 Bruce the Grappler (level 9, -1/79 HPs)
             Began as a Troll Hunter on June 30, 2013.
             Was a Believer of the Shining One.
             Slain by an elephant (17 damage)
             ... on Level 8 of the Dungeon.
             The game lasted 00:21:44 (4460 turns).

Bruce the Grappler (Troll Hunter)                   Turns: 4460, Time: 00:21:44

HP  -1/79        AC  5     Str 23      XL: 9   Next: 91%
MP   3/3         EV  8     Int  7      God: the Shining One [**....]
Gold 154         SH 24     Dex 12      Spells:  1 memorised,  7 levels left

Res.Fire  : . . .   See Invis. : .     - Unarmed
Res.Cold  : + . .   Warding    : .   d - +0 animal skin
Life Prot.: + . .   Conserve   : .   X - +0 large shield
Res.Poison: .       Res.Corr.  : .   (helmet restricted)
Res.Elec. : .       Clarity    : .   n - -1 elf cloak
Sust.Abil.: . .     Spirit.Shd : .   (gloves unavailable)
Res.Mut.  : .       Stasis     : .   (boots unavailable)
Res.Rott. : .       Flight     : .   (no amulet)
Gourmand  : +                        R - ring of protection from magic
                                     P - ring of protection from cold

@: very slightly contaminated, glowing, quite resistant to hostile enchantments,
very unstealthy
A: unfitting armour, claws 3, fast metabolism 3, gourmand, regeneration 2,
saprovore 2, tough skin 2, AC +1
a: Divine Shield, Renounce Religion


You were on level 8 of the Dungeon.
You worshipped the Shining One. the Shining One was most pleased with you.
You were very full.

You visited 1 branch of the dungeon, and saw 8 of its levels.

You collected 329 gold pieces.
You spent 195 gold pieces at shops.

Inventory:

Hand weapons
 U - a +0,+0 crossbow
Missiles
 A - 4 darts of frost
 H - a large rock (quivered)
 V - 17 bolts of flame
Armour
 d - a +0 animal skin (worn)
 n - a -1 elven cloak (worn)
 X - a +0 large shield (worn)
Magical devices
 v - a wand of teleportation (3) {unknown}
 W - a wand of lightning (6)
Comestibles
 a - 3 meat rations
 q - a lemon
 x - a sausage
 z - 2 slices of pizza
 D - 2 bread rations
 E - a beef jerky
 T - 2 chunks of worker ant flesh
Scrolls
 b - a scroll of fog {unknown}
 g - 3 scrolls of blinking
 k - 2 scrolls of curse weapon {unknown}
 m - 2 scrolls of magic mapping
 o - 2 scrolls of teleportation
 p - 4 scrolls of enchant weapon II {unknown}
 r - 2 scrolls of recharging {unknown}
 u - 3 scrolls of enchant armour {unknown}
 w - 2 scrolls of enchant weapon I {unknown}
 y - 3 scrolls of remove curse {unknown}
 C - 4 scrolls of fear
 J - a scroll of noise {unknown}
 M - a scroll of curse jewellery {unknown}
 O - a scroll of random uselessness {unknown}
 S - a scroll of curse armour {unknown}
Jewellery
 G - an uncursed ring of sustenance
 I - an uncursed ring of ice
 P - a ring of protection from cold (left claw)
 R - a ring of protection from magic (right claw)
Potions
 e - 6 potions of curing
 f - a potion of slowing
 h - 2 potions of brilliance
 j - a potion of speed
 l - 2 potions of heal wounds
 s - a potion of invisibility {unknown}
 t - a potion of agility {unknown}
 B - a potion of poison {unknown}
 L - 2 potions of magic
 N - 2 potions of might
 Y - a potion of mutation {unknown}
 Z - a potion of degeneration {unknown}
Books
 F - a book of Callings

   Spells                             Type                      Level
   Summon Small Mammal                Summoning                    1
   Call Imp                           Summoning                    2
   Call Canine Familiar               Summoning                    3
   Summon Scorpions                   Summoning/Poison             4
   Summon Ice Beast                   Ice/Summoning                4
 K - a book of Hinderance

   Spells                             Type                      Level
   *Confusing Touch                   Hexes                        1
   Slow                               Hexes                        2
   Confuse                            Hexes                        3
   Petrify                            Transmutation/Earth          4
   Leda's Liquefaction                Hexes/Earth                  4
   Metabolic Englaciation             Hexes/Ice                    6
Magical staves
 Q - an uncursed staff of poison


   Skills:
 - Level 1.5 Fighting
 - Level 7.0 Throwing
 + Level 7.6 Dodging
 - Level 0.4 Stealth
 + Level 8.9 Unarmed Combat


You had 7 spell levels left.
You knew the following spells:

 Your Spells              Type           Power        Failure   Level  Hunger
a - Confusing Touch       Hex            #.........   100%        1    ##.....


Dungeon Overview and Level Annotations

Branches:
Dungeon (8/27)             Temple (0/1) D:6            Lair (0/8) D:8
    Orc: D:6-11

Altars:
Cheibriados
Elyvilon
Kikubaaqudgha
Makhleb
Okawaru
Vehumet
Xom
Zin
the Shining One

Shops:
D:5: ? D:7: /


Innate Abilities, Weirdness & Mutations

You are too large for most types of armour.
You have claws for hands.
Your metabolism is lightning-fast.
You like to eat raw meat.
You heal very quickly.
You can eat rotten meat.
You are covered in fur (AC +1).
You have very tough skin (AC +2).


Message History

The elephant is moderately wounded.
You block the elephant's attack. The elephant trunk-slaps you.
Throwing (i - inventory. (,) - cycle):
H - 3 large rocks (quivered)
Press: ? - help, Shift-Dir - straight line, f - elephant
Aim: an elephant (moderately wounded, bleeding, haloed)
You throw a large rock. The large rock hits the elephant.
The elephant is heavily wounded.
The elephant tramples you.
You stumble backwards!
You hit the elephant but do no damage.
The elephant is heavily wounded.
The elephant tramples you!
* * * LOW HITPOINT WARNING * * *
You stumble backwards!
Throwing (i - inventory. (,) - cycle):
H - 2 large rocks (quivered)
Press: ? - help, Shift-Dir - straight line, f/p - elephant
Aim: an elephant (heavily wounded, bleeding, haloed)
You throw a large rock. The large rock hits the elephant.
The elephant is heavily wounded.
The elephant is no longer bleeding.
The elephant tramples you!
You die...

#### ...### ...#.#
...#.################..#
<...........YYgY@......#
...#.################.##
...#.# ##(#.# %Y.#.#
####.# ..# ###


You could see 3 elephants and a hobgoblin.

Vanquished Creatures
  The ghost of Grabo the Cleaver, an experienced LOBe of Trog (D:6)
  3 elephants (D:8)
  The ghost of Bruce the Skirmisher, an average DrBe of Trog (D:4)
  A necrophage (D:7)
  A phantom (D:4)
  A sky beast (D:5)
  3 ogres
  3 ice beasts
  A centaur (D:7)
  Duvessa (D:7)
  11 big kobolds (D:7)
  A water moccasin (D:8)
  A giant frog (D:6)
  A centaur skeleton (D:6)
  4 wights (D:6)
  2 crimson imps (D:7)
  Dowan (D:7)
  3 hounds
  An ogre zombie (D:7)
  2 orc priests (D:6)
  A goliath beetle (D:7)
  An iguana (D:8)
  An orc wizard (D:4)
  A worker ant (D:8)
  A sheep (D:8)
  Ijyb (D:3)
  2 jellies
  7 gnolls
  7 adders
  3 worms
  A bat skeleton (D:6)
  A giant eyeball (D:5)
  4 giant geckos
  An ooze (D:1)
  10 orcs
  10 giant cockroaches
  16 hobgoblins
  A quokka (D:3)
  4 training dummies (D:4)
  A ball python (D:6)
  11 bats
  5 giant newts
  12 goblins
  A hobgoblin zombie (D:7)
  23 kobolds
  An orc zombie (D:6)
  10 rats
  8 ballistomycetes (D:6)
  A bush (D:1)
189 creatures vanquished.

Vanquished Creatures (others)
  An ogre (D:6)
  A worker ant (D:6)
  A giant cockroach (D:6)
  A kobold (D:6)
  A giant spore (D:6)
  A rat (D:6)
  A ballistomycete (D:6)
7 creatures vanquished.

Grand Total: 196 creatures vanquished

Notes
Turn   | Place    | Note
--------------------------------------------------------------
     0 | D:1      | Bruce, the Troll Hunter, began the quest for the Orb.
     0 | D:1      | Reached XP level 1. HP: 20/20 MP: 0/0
   383 | D:1      | Reached XP level 2. HP: 28/28 MP: 0/0
   852 | D:2      | Reached skill level 4 in Throwing
   856 | D:2      | Reached XP level 3. HP: 31/35 MP: 1/1
  1327 | D:3      | Reached XP level 4. HP: 36/42 MP: 1/1
  1353 | D:3      | Noticed Ijyb
  1370 | D:3      | Killed Ijyb
  1782 | D:3      | Reached XP level 5. HP: 44/49 MP: 1/1
  2091 | D:4      | Learned a level 1 spell: Confusing Touch
  2126 | D:4      | Found a radiant altar of Vehumet.
  2130 | D:4      | Found a shimmering altar of Xom.
  2131 | D:4      | Found an ancient bone altar of Kikubaaqudgha.
  2139 | D:4      | Found a glowing golden altar of the Shining One.
  2139 | D:4      | Found a white marble altar of Elyvilon.
  2147 | D:4      | Became a worshipper of the Shining One
  2275 | D:4      | Noticed Bruce's ghost (average DrBe)
  2280 | D:4      | Killed Bruce's ghost
  2280 | D:4      | Reached skill level 5 in Throwing
  2280 | D:4      | Reached XP level 6. HP: 58/58 MP: 2/2
  2282 | D:4      | Found an iron altar of Okawaru.
  2391 | D:4      | Noticed an ogre
  2395 | D:4      | Noticed a phantom
  2397 | D:4      | Killed an ogre
  2418 | D:4      | Killed a phantom
  2418 | D:4      | Reached XP level 7. HP: 57/65 MP: 2/2
  2612 | D:5      | Entered Level 5 of the Dungeon
  2709 | D:5      | Found a burning altar of Makhleb.
  2709 | D:5      | Found a glowing silver altar of Zin.
  2710 | D:5      | Noticed a blizzard demon
  2710 | D:5      | Noticed an angel
  2792 | D:5      | Found Clulu's Magic Scroll Shoppe.
  2801 | D:5      | Bought a scroll of blinking for 55 gold pieces
  2953 | D:5      | Reached skill level 6 in Throwing
  3131 | D:6      | Reached skill level 5 in Unarmed Combat
  3138 | D:6      | Acquired the Shining One's first power
  3140 | D:6      | Found a snail-covered altar of Cheibriados.
  3152 | D:6      | Reached XP level 8. HP: 64/72 MP: 2/2
  3168 | D:6      | Found a staircase to the Ecumenical Temple.
  3274 | D:6      | Noticed Grabo's ghost (experienced LOBe)
  3286 | D:6      | Killed Grabo's ghost
  3286 | D:6      | Reached skill level 5 in Dodging
  3413 | D:6      | Reached skill level 7 in Throwing
  3573 | D:6      | Reached XP level 9. HP: 79/79 MP: 3/3
  3839 | D:7      | Noticed Duvessa
  3839 | D:7      | Noticed Dowan
  3847 | D:7      | Reached XP level 8. HP: 45/72 MP: 2/2
  3848 | D:7      | Killed Duvessa
  3848 | D:7      | Reached XP level 9. HP: 48/79 MP: 3/3
  3851 | D:7      | Reached XP level 8. HP: 43/72 MP: 2/2
  3853 | D:7      | Killed Dowan
  3880 | D:7      | Found Qixuto's Magical Wand Shoppe.
  3904 | D:7      | Reached XP level 9. HP: 18/79 MP: 3/3
  4071 | D:7      | Reached skill level 8 in Unarmed Combat
  4141 | D:7      | Bought a wand of lightning (6) for 140 gold pieces
  4269 | D:8      | Found a staircase to the Lair.
  4301 | D:8      | Noticed an elephant
  4301 | D:8      | Acquired the Shining One's second power
  4301 | D:8      | Noticed an elephant
  4301 | D:8      | Noticed an elephant
  4301 | D:8      | Noticed an elephant
  4301 | D:8      | Noticed an elephant
  4302 | D:8      | Noticed an elephant
  4302 | D:8      | Noticed an elephant
  4312 | D:8      | Noticed an elephant
  4349 | D:8      | Killed an elephant
  4396 | D:8      | Killed an elephant
  4423 | D:8      | Killed an elephant
  4460 | D:8      | Slain by an elephant

Action                   |  1- 3 |  4- 6 |  7- 9 || total
-------------------------+-------+-------+-------++-------
Melee: Unarmed           |   191 |   136 |   322 ||   649
Throw: Large rock        |       |    14 |    28 ||    42
       Throwing net      |       |       |     2 ||     2
 Cast: Confusing Touch   |       |       |     3 ||     3
  Use: Scroll            |       |       |    11 ||    11
       Potion            |       |       |     2 ||     2
 Stab: Sleeping          |       |     4 |     1 ||     5
